 Dungeon Crawl Stone Soup version 0.19.0-22-gd96e5fe (webtiles) character file.

26 Kenran the Cudgeler (level 3, -8/23 HPs)
             Began as a Gargoyle Chaos Knight on Nov 18, 2016.
             Mangled by a shadow (31 damage)
             ... summoned by the capriciousness of Xom
             ... on level 2 of the Dungeon.
             The game lasted 00:01:29 (924 turns).

Kenran the Cudgeler (Gargoyle Chaos Knight)          Turns: 924, Time: 00:01:30

Health: -8/23      AC:  8    Str: 16    XL:     3   Next: 8%
Magic:  3/3        EV: 11    Int: 12    God:    Xom [..*...]
Gold:   56         SH:  0    Dex:  9    Spells: 0 memorised, 2 levels left

rFire  . . .     SeeInvis .     a - +0 mace (chaos)
rCold  . . .     Gourm    .     b - +2 leather armour
rNeg   + . .     Faith    .     (no shield)
rPois  ∞         Spirit   .     (no helmet)
rElec  +         Reflect  .     (no cloak)
rCorr  .         Harm     .     (no gloves)
MR     .....                    (no boots)
Stlth  +.........               (no amulet)
                                (no ring)
                                (no ring)

@: no status effects
A: negative energy resistance 1, electricity resistance, unbreathing,
petrification resistance, rot immunity, AC +3
a: Renounce Religion


You were on level 2 of the Dungeon.
You worshipped Xom.
You were a toy of Xom.
You were not hungry.

You visited 1 branch of the dungeon, and saw 2 of its levels.

You collected 56 gold pieces.

Inventory:

Hand Weapons
 a - a +0 mace of chaos (weapon)
Missiles
 k - a throwing net (quivered)
Armour
 b - a +2 leather armour (worn)
Wands
 l - a wand of iceblast (5/15)
Scrolls
 e - a scroll of immolation {unknown}
 g - 2 scrolls of magic mapping {unknown}
 m - a scroll of identify {@r1}
Potions
 d - a potion of might {@q4}
 h - 2 potions of curing {@q1}
 i - a potion of resistance {unknown}
 j - a potion of flight
Comestibles
 c - a bread ration {@e1}
 f - 2 chunks of flesh


   Skills:
 - Level 3.2 Fighting
 + Level 4.1 Maces & Flails
 - Level 2.1 Armour
 - Level 0.7 Dodging


You had 2 spell levels left.
You didn't know any spells.

Dungeon Overview and Level Annotations

Branches:
Dungeon (2/15)

Altars:


Innate Abilities, Weirdness & Mutations

You are resistant to torment.
Your stone body is resilient. (AC +3)
You are immune to poison.
You resist negative energy. (rN+)
You are resistant to electric shocks. (rElec)
You can survive without breathing.
You are immune to petrification.
You are immune to rotting.


Message History

m - a scroll of identify {@r1} A kobold comes into view.
The kobold shouts!
The kobold throws a stone.
The stone closely misses you.
You hear Xom's maniacal laughter.
Flickering shadows surround you.
The kobold throws a stone.
The stone hits you.
You see here a stone.
The kobold throws a stone.
The stone closely misses you.
The shadow slips into darkness.
The shadow flickers and vanishes!
Deactivating autopickup; reactivate with Ctrl-A.
The kobold throws a stone.
The stone barely misses you.
Found a chain mail.
The kobold hits you but does no damage.
You see here 7 gold pieces.
You sock the kobold!
You feel better.
You kill the kobold!
The shadow strikes at you from the darkness!
Ouch! That really hurt!
You die...

#. #.# #.# #.#
#.#
#####.########
#...[........#
.#####.###.@.#
........##...# ##
..........W..#...
........#....#.#
####..(......##.
#(.#.........
#(.#..#...##
#..#.>....#
#..##.#..##


You could see a shadow.

Vanquished Creatures
  2 leopard geckos (D:1)
  3 giant cockroaches (D:1)
  2 goblins (D:1)
  3 hobgoblins (D:1)
  6 kobolds
  A quokka (D:2)
  2 bats (D:1)
  A frilled lizard (D:1)
  3 rats (D:1)
23 creatures vanquished.

Notes
Turn   | Place    | Note
-------+----------+-------------------------------------------
     0 | D:1      | Kenran the Gargoyle Chaos Knight began the quest for the Orb.
     0 | D:1      | Reached XP level 1. HP: 14/14 MP: 1/1
   108 | D:1      | Reached XP level 2. HP: 18/19 MP: 2/2
   169 | D:1      | XOM: harmless Tloc miscast
   426 | D:1      | XOM: potion effect (haste)
   428 | D:1      | XOM: potion effect (might)
   445 | D:1      | Reached skill level 4 in Maces & Flails
   605 | D:1      | XOM: divination: detect creatures
   797 | D:1      | Reached XP level 3. HP: 23/23 MP: 3/3
   919 | D:2      | XOM: medium Necr miscast
   920 | D:2      | Noticed a shadow
   920 | D:2      | Noticed a shadow
   924 | D:2      | Mangled by a shadow

Skill      XL: |  1  2 |
---------------+-------+-----
Maces & Flails | 4 |  4.1
Fighting       | |  3.2
Armour         | |  2.1
Dodging        | |  0.7

Action                   || total
-------------------------++-------
Melee: Mace              ||    59
  Use: Scroll            ||     4
Armor: Leather armour    ||    22
Dodge: Dodged            ||    34
